2230 views
Uploaded 2022-12-25 02:05:53
Game version 1.32.10
14:01 long 3on3 ladder game on (6)StranglethornVale
Saved by GIGA
2230 views
Uploaded 2022-12-25 02:05:53
Game version 1.32.10
14:01 long 3on3 ladder game on (6)StranglethornVale


53 units @ 4.9k
/ 0.5k
71 buildings @ 5.6k
/ 2.3k

| Peasant | 17 | 1275 | / | 0 |
| Mortar Team | 1 | 180 | / | 70 |
| Flying Machine | 9 | 900 | / | 270 |
| total: | 27 | 2355g | / | 340w |
| Scout Tower | 6 | 180 | / | 120 |
| Arcane Tower | 1 | 70 | / | 50 |
| Guard Tower | 4 | 280 | / | 200 |
| Altar of Kings | 2 | 360 | / | 100 |
| Farm | 9 | 720 | / | 180 |
| Lumber Mill | 1 | 120 | / | 0 |
| Town Hall | 1 | 385 | / | 205 |
| Blacksmith | 1 | 140 | / | 60 |
| Workshop | 3 | 420 | / | 420 |
| Keep | 1 | 320 | / | 210 |
| Castle | 1 | 360 | / | 210 |
| total: | 23 | 2325g | / | 1085w |
| 0:03 | Peasant |
| 0:20 | Altar of Kings |
| 0:21 | Peasant |
| 0:39 | Farm |
| 0:40 | Peasant |
| 0:58 | Lumber Mill |
| 0:59 | Peasant |
| 1:00 | Peasant |
| 1:03 | Peasant |
| 1:10 | Farm |
| 1:30 | Peasant |
| 1:43 | Peasant |
| 1:50 | Scout Tower |
| 1:53 | Peasant |
| 2:00 | Improved Lumber Harvesting |
| 2:23 | Storm Bolt |
| 2:36 | Arcane Tower |
| 2:39 | Scout Tower |
| 2:43 | Peasant |
| 2:55 | Peasant |
| 2:55 | Peasant |
| 2:58 | Improved Masonry |
| 3:11 | Guard Tower |
| 3:13 | Scout Tower |
| 3:33 | Town Hall |
| 3:56 | Scout Tower |
| 3:57 | Scout Tower |
| 4:24 | Guard Tower |
| 4:25 | Guard Tower |
| 4:27 | Scout Tower |
| 4:44 | Guard Tower |
| 4:47 | Peasant |
| 4:47 | Peasant |
| 4:47 | Peasant |
| 4:59 | Peasant |
| 4:59 | Peasant |
| 5:01 | Keep |
| 5:05 | Blacksmith |
| 6:30 | Altar of Kings |
| 6:33 | Black Gunpowder |
| 7:49 | Castle |
| 7:51 | Workshop |
| 7:53 | Workshop |
| 7:55 | Workshop |
| 7:59 | Refined Gunpowder |
| 9:41 | Flare |
| 10:08 | Flak Cannons |
| 10:18 | Flying Machine Bombs |
| 10:18 | Fragmentation Shards |
| 10:23 | Farm |
| 10:24 | Farm |
| 10:25 | Farm |
| 10:26 | Farm |
| 10:26 | Farm |
| 10:29 | Farm |
| 10:30 | Farm |
| 10:39 | Mortar Team |
| 11:54 | Imbued Gunpowder |
| 11:55 | Iron Plating |
| 13:08 | Flying Machine |
| 13:08 | Flying Machine |
| 13:08 | Flying Machine |
| 13:09 | Flying Machine |
| 13:09 | Flying Machine |
| 13:09 | Flying Machine |
| 13:09 | Flying Machine |
| 13:42 | Flying Machine |
| 13:42 | Flying Machine |
| Right click | 480 |
| Select | 145 |
| Select group | 138 |
| Build/train/purchase | 53 |
| Misc. action | 21 |
| Resource trade | 11 |
| Use ability | 8 |
| Assign group | 6 |
| Esc | 4 |
Cabeelibob
(194)
(13:59) : 
| Healing Salve | 1 | 100 |
| Lesser Clarity Potion | 2 | 140 |
| Boots of Speed | 1 | 250 |
| Staff of Teleportation | 1 | 150 |
| total: | 5 | 640g |
| Peon | 10 | 750 | / | 0 |
| Goblin Shredder | 1 | 375 | / | 100 |
| total: | 11 | 1125g | / | 100w |
| Watch Tower | 3 | 330 | / | 240 |
| Altar of Storms | 2 | 360 | / | 100 |
| Orc Burrow | 2 | 320 | / | 80 |
| War Mill | 1 | 205 | / | 0 |
| Voodoo Lounge | 1 | 130 | / | 30 |
| Stronghold | 1 | 315 | / | 190 |
| Fortress | 1 | 325 | / | 190 |
| total: | 9 | 1345g | / | 450w |
| 0:04 | Altar of Storms |
| 0:08 | Orc Burrow |
| 0:09 | Peon |
| 0:26 | Peon |
| 0:43 | Peon |
| 1:09 | Orc Burrow |
| 1:17 | War Mill |
| 1:19 | Peon |
| 1:28 | Peon |
| 1:40 | Peon |
| 1:48 | Peon |
| 1:58 | Peon |
| 2:09 | Voodoo Lounge |
| 2:14 | Wind Walk |
| 2:34 | Peon |
| 2:40 | Spiked Barricades |
| 3:01 | Peon |
| 4:28 | Critical Strike |
| 4:43 | Healing Salve |
| 4:46 | Lesser Clarity Potion |
| 5:02 | Watch Tower |
| 5:28 | Goblin Shredder |
| 6:14 | Lesser Clarity Potion |
| 6:42 | Boots of Speed |
| 6:42 | Staff of Teleportation |
| 8:17 | Stronghold |
| 9:44 | Watch Tower |
| 11:21 | Watch Tower |
| 12:27 | Fortress |
| 12:50 | Altar of Storms |
| Right click | 456 |
| Select | 88 |
| Resource trade | 48 |
| Build/train/purchase | 43 |
| Select group | 39 |
| Chat | 25 |
| Misc. action | 22 |
| Use ability | 8 |
| Esc | 3 |
| Assign group | 2 |
| Minimap ping | 2 |


| Peasant | 14 | 1050 | / | 0 |
| Goblin Shredder | 1 | 375 | / | 100 |
| total: | 15 | 1425g | / | 100w |
| Scout Tower | 29 | 870 | / | 580 |
| Guard Tower | 7 | 490 | / | 350 |
| Arcane Tower | 1 | 70 | / | 50 |
| Altar of Kings | 2 | 360 | / | 100 |
| Farm | 6 | 480 | / | 120 |
| Lumber Mill | 2 | 240 | / | 0 |
| Keep | 1 | 320 | / | 210 |
| total: | 39 | 1950g | / | 800w |
| 0:03 | Peasant |
| 0:04 | Peasant |
| 0:08 | Altar of Kings |
| 0:18 | Farm |
| 0:23 | Farm |
| 0:25 | Peasant |
| 0:34 | Peasant |
| 0:44 | Peasant |
| 0:51 | Lumber Mill |
| 1:04 | Peasant |
| 1:20 | Peasant |
| 1:24 | Peasant |
| 1:30 | Farm |
| 1:33 | Peasant |
| 1:55 | Peasant |
| 2:08 | Peasant |
| 2:57 | Storm Bolt |
| 3:13 | Scout Tower |
| 3:14 | Scout Tower |
| 3:15 | Scout Tower |
| 3:16 | Scout Tower |
| 3:17 | Scout Tower |
| 3:17 | Scout Tower |
| 3:18 | Scout Tower |
| 3:19 | Scout Tower |
| 3:20 | Scout Tower |
| 3:20 | Scout Tower |
| 3:21 | Scout Tower |
| 3:22 | Scout Tower |
| 3:24 | Peasant |
| 3:25 | Peasant |
| 3:25 | Peasant |
| 3:26 | Improved Lumber Harvesting |
| 3:26 | Improved Masonry |
| 4:13 | Guard Tower |
| 4:31 | Keep |
| 4:39 | Guard Tower |
| 4:46 | Guard Tower |
| 4:48 | Guard Tower |
| 4:57 | Scout Tower |
| 4:58 | Scout Tower |
| 5:01 | Scout Tower |
| 5:07 | Scout Tower |
| 5:11 | Scout Tower |
| 5:25 | Guard Tower |
| 5:50 | Guard Tower |
| 6:07 | Scout Tower |
| 6:07 | Scout Tower |
| 6:08 | Scout Tower |
| 6:09 | Scout Tower |
| 6:13 | Scout Tower |
| 6:14 | Scout Tower |
| 6:15 | Scout Tower |
| 6:16 | Scout Tower |
| 7:23 | Guard Tower |
| 8:49 | Holy Light |
| 9:28 | Altar of Kings |
| 9:32 | Farm |
| 9:33 | Farm |
| 9:34 | Farm |
| 9:46 | Holy Light |
| 10:44 | Scout Tower |
| 10:45 | Scout Tower |
| 11:24 | Scout Tower |
| 11:24 | Scout Tower |
| 11:49 | Lumber Mill |
| 11:54 | Goblin Shredder |
| 12:07 | Arcane Tower |
| Right click | 493 |
| Select | 175 |
| Build/train/purchase | 34 |
| Minimap ping | 17 |
| Chat | 16 |
| Resource trade | 8 |
| Use ability | 4 |
| Misc. action | 2 |
103 units @ 12.2k
/ 1.5k
44 buildings @ 7.6k
/ 2.9k


| Staff of Preservation | 2 | 300 |
| Potion of Healing | 1 | 150 |
| Scroll of Town Portal | 2 | 700 |
| total: | 5 | 1150g |
| Wisp | 10 | 600 | / | 0 |
| Archer | 12 | 1560 | / | 120 |
| Huntress | 10 | 1950 | / | 200 |
| Hippogryph | 3 | 480 | / | 60 |
| Goblin Zeppelin | 1 | 240 | / | 60 |
| total: | 36 | 4830g | / | 440w |
| Ancient Protector | 1 | 135 | / | 80 |
| Altar of Elders | 1 | 180 | / | 50 |
| Moon Well | 6 | 1080 | / | 240 |
| Ancient of War | 1 | 150 | / | 60 |
| Hunter's Hall | 1 | 210 | / | 100 |
| Ancient of Wonders | 1 | 90 | / | 30 |
| Ancient of Wind | 2 | 300 | / | 280 |
| Tree of Ages | 2 | 640 | / | 360 |
| total: | 13 | 2145g | / | 840w |
| 0:02 | Wisp |
| 0:05 | Altar of Elders |
| 0:06 | Wisp |
| 0:11 | Wisp |
| 0:18 | Moon Well |
| 0:31 | Wisp |
| 0:42 | Wisp |
| 0:57 | Wisp |
| 1:05 | Ancient of War |
| 1:11 | Wisp |
| 1:38 | Moon Well |
| 1:43 | Wisp |
| 2:01 | Wisp |
| 2:07 | Hunter's Hall |
| 2:10 | Mana Burn |
| 2:18 | Archer |
| 2:32 | Moon Well |
| 2:33 | Wisp |
| 2:34 | Archer |
| 3:25 | Archer |
| 3:39 | Archer |
| 4:10 | Immolation |
| 4:37 | Moon Well |
| 4:39 | Ancient of Wonders |
| 4:46 | Archer |
| 4:51 | Huntress |
| 4:51 | Huntress |
| 4:51 | Huntress |
| 4:51 | Huntress |
| 4:51 | Huntress |
| 4:51 | Huntress |
| 4:51 | Huntress |
| 4:51 | Huntress |
| 4:51 | Huntress |
| 5:36 | Moon Well |
| 5:51 | Tree of Ages |
| 6:13 | Huntress |
| 6:41 | Mana Burn |
| 6:43 | Moon Well |
| 6:49 | Ancient Protector |
| 7:10 | Sentinel |
| 8:02 | Goblin Zeppelin |
| 8:14 | Nature's Blessing |
| 9:02 | Ancient of Wind |
| 9:05 | Ancient of Wind |
| 9:14 | Staff of Preservation |
| 9:14 | Potion of Healing |
| 9:16 | Entangling Roots |
| 9:34 | Archer |
| 10:08 | Hippogryph |
| 10:11 | Archer |
| 11:19 | Hippogryph |
| 11:24 | Scroll of Town Portal |
| 11:47 | Archer |
| 11:48 | Improved Bows |
| 12:11 | Archer |
| 12:12 | Archer |
| 12:47 | Archer |
| 13:28 | Immolation |
| 13:46 | Archer |
| 13:53 | Scroll of Town Portal |
| 13:54 | Staff of Preservation |
| 14:01 | Hippogryph |
| Right click | 667 |
| Select group | 451 |
| Select | 352 |
| Misc. action | 131 |
| Build/train/purchase | 71 |
| Assign group | 34 |
| Use ability | 28 |
| Minimap ping | 4 |
| Item give/drop | 3 |
| Esc | 2 |


| Staff of Preservation | 1 | 150 |
| Dust of Appearance | 1 | 75 |
| total: | 2 | 225g |
| Wisp | 29 | 1740 | / | 0 |
| Archer | 6 | 780 | / | 60 |
| Mountain Giant | 3 | 1050 | / | 300 |
| Dryad | 2 | 290 | / | 120 |
| Glaive Thrower | 4 | 840 | / | 260 |
| total: | 44 | 4700g | / | 740w |
| Ancient Protector | 2 | 270 | / | 160 |
| Altar of Elders | 1 | 180 | / | 50 |
| Moon Well | 9 | 1620 | / | 360 |
| Ancient of War | 2 | 300 | / | 120 |
| Ancient of Wonders | 1 | 90 | / | 30 |
| Hunter's Hall | 1 | 210 | / | 100 |
| Tree of Life | 1 | 340 | / | 185 |
| Ancient of Lore | 2 | 310 | / | 290 |
| Ancient of Wind | 1 | 150 | / | 140 |
| Tree of Ages | 1 | 320 | / | 180 |
| Tree of Eternity | 2 | 660 | / | 400 |
| total: | 20 | 3470g | / | 1435w |
| 0:03 | Wisp |
| 0:03 | Wisp |
| 0:09 | Wisp |
| 0:15 | Wisp |
| 0:19 | Altar of Elders |
| 0:20 | Wisp |
| 0:34 | Moon Well |
| 0:36 | Wisp |
| 0:43 | Wisp |
| 0:54 | Wisp |
| 1:12 | Ancient of War |
| 1:17 | Moon Well |
| 1:28 | Wisp |
| 1:41 | Wisp |
| 1:50 | Ancient of War |
| 1:54 | Wisp |
| 1:59 | Wisp |
| 2:05 | Ancient of Wonders |
| 2:10 | Wisp |
| 2:21 | Archer |
| 2:33 | Hunter's Hall |
| 2:38 | Archer |
| 2:45 | Wisp |
| 2:49 | Fan of Knives |
| 2:58 | Archer |
| 3:07 | Wisp |
| 3:15 | Archer |
| 3:33 | Wisp |
| 3:54 | Tree of Ages |
| 4:18 | Blink |
| 4:23 | Tree of Life |
| 4:34 | Ancient Protector |
| 4:36 | Ancient Protector |
| 4:46 | Reinforced Hides |
| 5:05 | Archer |
| 5:11 | Archer |
| 5:38 | Ultravision |
| 5:55 | Moon Well |
| 6:00 | Moon Well |
| 6:20 | Wisp |
| 6:21 | Wisp |
| 6:24 | Ancient of Lore |
| 6:27 | Ancient of Lore |
| 6:28 | Wisp |
| 6:28 | Wisp |
| 6:34 | Fan of Knives |
| 6:43 | Strength of the Wild |
| 6:43 | Wisp |
| 6:48 | Wisp |
| 6:57 | Wisp |
| 7:26 | Wisp |
| 7:29 | Wisp |
| 7:38 | Mountain Giant |
| 7:51 | Mountain Giant |
| 7:54 | Wisp |
| 8:00 | Moon Well |
| 8:04 | Staff of Preservation |
| 8:15 | Improved Reinforced Hides |
| 8:18 | Abolish Magic |
| 8:32 | Mountain Giant |
| 8:43 | Dust of Appearance |
| 9:23 | Ancient of Wind |
| 9:32 | Blink |
| 9:47 | Dryad |
| 10:07 | Wisp |
| 10:07 | Wisp |
| 10:11 | Moon Well |
| 10:20 | Dryad |
| 10:31 | Entangling Roots |
| 10:39 | Tree of Eternity |
| 10:58 | Moon Well |
| 11:06 | Glaive Thrower |
| 11:15 | Moon Well |
| 11:44 | Improved Strength of the Wild |
| 11:46 | Wisp |
| 12:00 | Glaive Thrower |
| 12:14 | Moon Well |
| 12:18 | Glaive Thrower |
| 12:32 | Vorpal Blades |
| 12:53 | Glaive Thrower |
| 13:02 | Resistant Skin |
| 13:10 | Hardened Skin |
| Right click | 432 |
| Select | 353 |
| Select group | 216 |
| Build/train/purchase | 87 |
| Misc. action | 25 |
| Assign group | 17 |
| Use ability | 9 |
| Item give/drop | 4 |
| Esc | 4 |



| Healing Salve | 4 | 400 |
| Lesser Clarity Potion | 1 | 70 |
| Scroll of Speed | 1 | 50 |
| total: | 6 | 520g |
| Peon | 11 | 825 | / | 0 |
| Troll Headhunter | 9 | 1260 | / | 180 |
| Raider | 2 | 360 | / | 80 |
| Kodo Beast | 1 | 255 | / | 60 |
| total: | 23 | 2700g | / | 320w |
| Altar of Storms | 1 | 180 | / | 50 |
| War Mill | 1 | 205 | / | 0 |
| Orc Burrow | 5 | 800 | / | 200 |
| Barracks | 1 | 180 | / | 50 |
| Voodoo Lounge | 1 | 130 | / | 30 |
| Great Hall | 1 | 385 | / | 185 |
| Beastiary | 1 | 145 | / | 140 |
| Stronghold | 1 | 315 | / | 190 |
| Fortress | 2 | 650 | / | 380 |
| total: | 11 | 2025g | / | 655w |
| 0:02 | Peon |
| 0:02 | Peon |
| 0:28 | Altar of Storms |
| 0:33 | War Mill |
| 0:36 | Orc Burrow |
| 0:47 | Barracks |
| 0:56 | Peon |
| 0:56 | Peon |
| 1:10 | Peon |
| 1:10 | Peon |
| 1:10 | Peon |
| 1:20 | Peon |
| 1:20 | Peon |
| 1:34 | Peon |
| 1:52 | Troll Headhunter |
| 2:01 | Orc Burrow |
| 2:14 | Troll Headhunter |
| 2:15 | Troll Headhunter |
| 2:32 | Voodoo Lounge |
| 2:36 | War Stomp |
| 2:53 | Troll Headhunter |
| 2:55 | Peon |
| 3:24 | Troll Headhunter |
| 3:36 | Stronghold |
| 3:43 | Healing Salve |
| 3:43 | Healing Salve |
| 3:43 | Healing Salve |
| 4:14 | Troll Headhunter |
| 4:15 | Steel Ranged Weapons |
| 4:26 | Orc Burrow |
| 4:34 | Endurance Aura |
| 4:41 | Troll Headhunter |
| 4:48 | Steel Armor |
| 5:29 | Troll Headhunter |
| 6:12 | Beastiary |
| 6:16 | Thorium Ranged Weapons |
| 6:50 | Endurance Aura |
| 7:11 | Healing Salve |
| 7:11 | Lesser Clarity Potion |
| 7:11 | Scroll of Speed |
| 7:13 | Hex |
| 7:16 | Raider |
| 7:17 | Ensnare |
| 8:01 | Fortress |
| 9:20 | Raider |
| 9:21 | Troll Headhunter |
| 9:23 | Orc Burrow |
| 9:25 | Reinforced Defenses |
| 9:26 | Steel Melee Weapons |
| 10:16 | Kodo Beast |
| 10:33 | Frost Arrows |
| 10:48 | Berserker Upgrade |
| 11:24 | Orc Burrow |
| 12:08 | War Stomp |
| 13:53 | Great Hall |
| 13:55 | Arcanite Ranged Weapons |
| Right click | 1045 |
| Select group | 735 |
| Select | 389 |
| Misc. action | 143 |
| Build/train/purchase | 85 |
| Use ability | 18 |
| Assign group | 16 |
| Remove unit | 1 |
⇛